AoeStats
← Dog

Arabia

510241797Analyzed
1v1 RM · 1d ago on Sep 30, 2026· 48m 32s· 2 players
Game mode
Random Map
Map size
Tiny (2 player)
Population
200
Speed
Normal
Resources
Standard
Victory
Conquest
Starting age
Dark Age
Ending age
Imperial Age
RankedLock teamsTeams togetherTeam positionsShared explorationLock speedFull tech treeHidden civsTurbo modeCheats
Victory
Defeat
🇺🇸 Persians · United States
1034
+17
🇲🇽 Lithuanians · Mexico
1046
-17
Dog
5:42 Loom
8:44 Feudal Age
9:37 Double-Bit Axe
17:22 Wheelbarrow
18:23 Forging
21:25 Castle Age
19:54 Scale Barding Armor
20:47 Horse Collar
21:35 Bloodlines
22:59 Bow Saw
24:09 Husbandry
27:51 Iron Casting
27:36 Chain Barding Armor
27:29 Fletching
27:39 Padded Archer Armor
28:28 Bodkin Arrow
27:55 Crossbowman
30:26 Leather Archer Armor
33:00 Ballistics
34:08 Hand Cart
40:01 Imperial Age
37:56 Gold Mining
37:56 Stone Mining
39:08 Thumb Ring
39:36 Heavy Plow
40:32 Iron Casting
40:17 Chain Barding Armor
40:25 Cavalier
41:44 Ring Archer Armor
41:56 Gold Shaft Mining
42:37 Savar
46:51 Blast Furnace
46:26 Plate Barding Armor
47:02 Chemistry
48:36 Two-Man Saw
48:01 Kamandaran
48:22 Conscription
fercho.castro
0:27 Loom
11:05 Feudal Age
12:29 Town Watch
21:06 Castle Age
18:54 Horse Collar
20:29 Forging
20:31 Double-Bit Axe
21:42 Man-at-Arms
22:23 Squires
22:04 Pikeman
25:15 Wheelbarrow
29:12 Iron Casting
29:54 Stone Mining
30:28 Arson
32:20 Hill Forts
32:38 Scale Mail Armor
33:00 Hand Cart
32:30 Long Swordsman
35:24 Bloodlines
35:15 Husbandry
36:11 Scale Barding Armor
36:22 Chain Mail Armor
41:59 Imperial Age
40:53 Bow Saw
40:47 Heavy Plow
41:48 Chain Barding Armor
43:45 Cavalier
46:53 Conscription
Connection lost

Rejoining the realm…

Still unreachable

The connection could not be restored.

Session expired

The server has moved on; the page needs a fresh start.